 Dungeon Crawl Stone Soup version 0.31-a0-182-gc5ef74bbde (webtiles) character file.

Game seed: 18400393366587323392

104 DeathSun the Chopper (level 4, -2/38 HPs)
             Began as a Draconian Fighter on June 20, 2023.
             Killed by nerve-wracking pain
             ... invoked by Jessica
              (9 damage)
             ... on level 3 of the Dungeon on June 21, 2023.
             The game lasted 00:04:28 (2244 turns).

DeathSun the Chopper (Draconian Fighter)            Turns: 2244, Time: 00:04:29

Health: -2/38      AC:  5    Str: 20    XL:     4   Next: 52%
Magic:  4/4        EV: 12    Int:  8    God:
Gold:   81         SH:  4    Dex: 11    Spells: 3/3 levels left

rFire   . . .        a - +0 war axe
rCold   . . .        b - +0 buckler
rNeg    . . .        (body armour unavailable)
rPois   .            (helmet restricted)
rElec   .            (no cloak)
rCorr   .            (no gloves)
SInv    .            (no boots)
Will    .....        (no amulet)
Stlth   +            l - ring of wizardry
HPRegen 0.26/turn    (no ring)
MPRegen 0.09/turn

%: wizardry (x1)
@: no status effects
A: AC +5, unfitting armour, cold-blooded
a: no special abilities


You were on level 3 of the Dungeon.
You visited 1 branch of the dungeon, and saw 3 of its levels.

You collected 81 gold pieces.

Inventory:

Hand Weapons
 a - a +0 war axe (weapon)
Armour
 b - a +0 buckler (worn)
Jewellery
 l - a ring of wizardry (left hand)
Scrolls
 d - a scroll of vulnerability {unknown}
 e - a scroll of blinking {unknown}
 f - 3 scrolls of teleportation {unknown}
 h - a scroll of noise {unknown}
 k - a scroll of immolation {unknown}
 m - 2 scrolls of fog {unknown}
 n - a scroll of identify {unknown}
 o - a scroll of acquirement {unknown}
 s - a scroll of revelation {unknown}
Potions
 c - a potion of might
 g - a potion of invisibility {unknown}
 i - 2 potions of brilliance {unknown}
 j - 3 potions of heal wounds {unknown}
 p - a potion of berserk rage {unknown}
 q - a potion of curing {unknown}
 r - 2 potions of lignification {unknown}


   Skills:
 - Level 3.2 Fighting
 * Level 4.8 Axes
 - Level 2.6 Dodging
 - Level 3.0 Shields


You had 3 spell levels left.
You didn't know any spells.
Your spell library contained the following spells:

 Spells                   Type           Power      Damage    Failure   Level
 Beastly Appendage        Tmut           0%         N/A       21%         1


Dungeon Overview and Level Annotations

Branches:
Dungeon (3/15)

Altars:
Vehumet

Annotations:
D:3 1 runed translucent door, Crazy Yiuf, Jessica


Innate Abilities, Weirdness & Mutations

Your plain brown scales are hard. (AC +5)
You cannot fit into any form of body armour.
You are cold-blooded and may be slowed by cold attacks.


Message History

You aren't carrying any items that you can evoke.
Sorry, you're not good enough to have a special ability.
Unknown command.
Jessica says, "Why did you come here?" Jessica casts a spell at you.
You resist with some effort.
Jessica casts a spell.
Jessica blinks!
Jessica closely misses you.
You barely miss Jessica.
Jessica mumbles some strange words.
Jessica blinks!
You block Jessica's attack.
You barely miss Jessica. Jessica completely misses you.
You closely miss Jessica. Jessica hits you with a +0 dagger. x2
You completely miss Jessica.
Jessica casts a spell.
Jessica seems to speed up.
You slash Jessica!
Jessica is severely wounded.
Jessica gestures at you while chanting. Pain shoots through your body!
Jessica mumbles some strange words.
Jessica blinks!
You hit Jessica.
Jessica is almost dead.
Jessica casts a spell.
Jessica blinks!
Jessica points at you and mumbles some strange words.
Pain shoots through your body! Jessica gestures at you while chanting.
Pain shoots through your body!
* * * LOW HITPOINT WARNING * * *
You are too injured to fight recklessly!
You are too injured to fight recklessly!
You closely miss Jessica.
Jessica is almost dead.
Jessica gestures at you while chanting. Pain shoots through your body!
You die...

#.........####...##.#
##.......## ##.###.#
##.....## ### #.#
........ ####.#
.###+##. #....# #.
#.#### . #. #.#
#...##.#######.#
#........@@...#
#......#########
....... ###.### #


You could see Jessica (fast).

Vanquished Creatures
  4 gnolls
  An adder (D:2)
  A dart slug (D:3)
  7 endoplasms
  A giant cockroach (D:2)
  4 goblins
  3 hobgoblins
  2 jackals (D:2)
  12 kobolds
  3 quokkas
  6 ball pythons
  5 bats
  5 frilled lizards
  A rat (D:3)
55 creatures vanquished.

Notes
Turn   | Place    | Note
-------+----------+-------------------------------------------
     0 | D:1      | DeathSun the Draconian Fighter began the quest for the Orb.
     0 | D:1      | Reached XP level 1. HP: 19/19 MP: 1/1
   270 | D:1      | Reached XP level 2. HP: 22/26 MP: 2/2
   285 | D:1      | Found a faded altar of an unknown god.
   294 | D:1      | Got Plato's Handbook of Modification
   308 | D:1      | Reached skill level 3 in Axes
   348 | D:1      | Upgraded the game from 0.31-a0-180-g519b7de00c to
                  | 0.31-a0-182-gc5ef74bbde
   705 | D:2      | Reached XP level 3. HP: 31/31 MP: 3/3
  1017 | D:2      | Reached skill level 4 in Axes
  1549 | D:3      | Found a runed translucent door.
  1550 | D:3      | Noticed Crazy Yiuf
  1552 | D:3      | Found the +6 shillelagh "Devastator" {shatter}
  1634 | D:3      | Found a radiant altar of Vehumet.
  1648 | D:2      | Reached XP level 4. HP: 20/38 MP: 4/4
  2227 | D:3      | Noticed Jessica
  2244 | D:3      | Killed from afar by Jessica

Illustrated notes

Levels and vault maps discovered:
D:1:      amcnicky_arrival_feature_with_door, layout_loops_ring,
          shapermc_ecumenical_altar_rom_forum
D:2:      cheibrodos_fertilizer, layout_loops_ring
D:3:      layout_loops_corners, nicolae_vehumet_altar_sigil, uniq_jessica,
          uniq_crazy_yiuf_cottage

Skill      XL: |  1  2  3 |
---------------+----------+-----
Axes           | 3 4 |  4.8
Fighting       | |  3.2
Dodging        | |  2.6
Shields        | |  3.0

Action                     |  1- 3 |  4- 6 || total
---------------------------+-------+-------++-------
  Melee: War axe           |   114 |    35 ||   149
         Tailslap          |     8 |     5 ||    13
    Use: Potion            |       |     1 ||     1
   Stab: Sleeping          |     4 |     1 ||     5
 Armour: Skin              |    42 |     5 ||    47
  Dodge: Dodged            |    82 |    18 ||   100
  Block: Buckler           |    21 |     7 ||    28

Table legend: (Time is in decaauts)
 A = Elapsed time spent in this place.
 B = Non-inter-level travel time spent in this place.
 C = Inter-level travel time spent in this place.
 D = Time resting spent in this place.
 E = Time spent auto-exploring this place.
 F = Levels seen in this place.
 G = Mean time per level.
                   A        B        C        D        E       F      G
               +--------+--------+--------+--------+--------+-----+--------+
         Total |   2297 |   2192 |    105 |      0 |   1628 |   3 |  765.7 |
       Dungeon |   2297 |   2192 |    105 |      0 |   1628 |   3 |  765.7 |
               +--------+--------+--------+--------+--------+-----+--------+

Top non-repeatable levels by time:
     D:2: 1122 daAuts
     D:1: 746 daAuts
     D:3: 428 daAuts
